 Dungeon Crawl Stone Soup version 0.23.2 (webtiles) character file.

Game seed: 4824044836405338161

49 Menchi the Sneak (level 3, -6/24 HPs)
             Began as an Octopode Assassin on Apr 7, 2019.
             Killed from afar by a wretched star (20 damage)
             ... with an orb of energy
             ... on level 1 of the Abyss.
             The game lasted 00:02:24 (1722 turns).

Menchi the Sneak (Octopode Assassin)                Turns: 1722, Time: 00:02:24

Health: -6/24      AC:  1    Str: 10    XL:     3   Next: 77%
Magic:  3/3        EV: 13    Int: 13    God:
Gold:   109        SH:  0    Dex: 14    Spells: 2/2 levels left

rFire    . . .     SeeInvis .   a - +2 dagger
rCold    . . .     Gourm    .   (no shield)
rNeg     . . .     Faith    .   (helmet restricted)
rPois    .         Spirit   .   (no amulet)
rElec    .         Reflect  .   (no ring)
rCorr    .         Harm     .   (no ring)
MR       .....                  (no ring)
Stlth    ++++......             (no ring)
HPRegen  0.08/turn              (no ring)
MPRegen  0.08/turn              (no ring)
                                (no ring)
                                (no ring)

@: no status effects
A: almost no armour, stealthy swim, amphibious, 8 rings, constrict 8, camouflage
1, gelatinous body 1
a: no special abilities


You were on level 1 of the Abyss.
You were not hungry.

You visited 1 branch of the dungeon, and saw 2 of its levels.
You visited the Abyss 1 time.

You collected 109 gold pieces.

Inventory:

Hand Weapons
 a - a +2 dagger (weapon)
 b - a +0 blowgun
Missiles
 c - 8 poisoned needles
 d - 2 curare-tipped needles
Scrolls
 e - a scroll of immolation {unknown}
 h - a scroll of identify {unknown}
 i - 3 scrolls of teleportation {unknown}
 j - a scroll of remove curse {unknown}
 n - a scroll of amnesia {unknown}
Potions
 g - 2 potions of curing {unknown}
 k - 2 potions of haste {unknown}
 l - a potion of degeneration {unknown}
Comestibles
 f - 3 rations


   Skills:
 + Level 2.2 Fighting
 + Level 2.6 Short Blades
 - Level 2.0 Throwing
 * Level 1.5 Dodging
 + Level 6.4 Stealth


You had 2 spell levels left.
You didn't know any spells.
Your spell library was empty.

Dungeon Overview and Level Annotations

Branches:
Dungeon (2/15)

Altars:
Yredelemnul
The Shining One

Annotations:
D:2 Sigmund


Innate Abilities, Weirdness & Mutations

You cannot wear most types of armour.
You are very stealthy in the water. (Stealth+)
You are amphibious.
You can wear up to eight rings at the same time.
You can use your tentacles to constrict eight enemies at once.
Your skin changes colour to match your surroundings (Stealth+).
Your rubbery body absorbs attacks. (AC +1, EV +1)


Message History

You see here 14 gold pieces.
You feel sick.
You are no longer poisoned.
Sigmund shouts!
Sigmund says, "Now you see me, now you don't..."
Sigmund hits you from afar with a +3 scythe of distortion.
* * * LOW HITPOINT WARNING * * *
You are cast into the Abyss!
To return, you must find a gate leading back.
Killing monsters will force the Abyss to allow you passage.
This branch contains the abyssal rune of Zot.
Okay, then.
You eat one of the 4 rations.
That ration really hit the spot!
You start resting.
A wretched star comes into view.
Found a corrupted altar of Lugonu.
The wretched star glows turbulently.
The orb of energy hits you!!
Ouch! That really hurt!
You die...

##########.##..
#........... .
##..##########
. ###..##
##.#.#..._#
#......@#.#
.##.##......# #
#*.........
.........##..
......##.... .
#......# .....
......... .....
......... ....


You could see a wretched star.

Vanquished Creatures
  An adder (D:2)
  6 bats
  A giant cockroach (D:2)
  8 goblins
  3 hobgoblins
  2 jackals (D:1)
  A quokka (D:2)
  6 frilled lizards
  8 kobolds
  3 rats (D:1)
39 creatures vanquished.

Notes
Turn   | Place    | Note
-------+----------+-------------------------------------------
     0 | D:1      | Menchi the Octopode Assassin began the quest for the Orb.
     0 | D:1      | Reached XP level 1. HP: 14/14 MP: 1/1
    37 | D:1      | You fall through a shaft!
   170 | D:1      | Reached XP level 2. HP: 13/19 MP: 2/2
   342 | D:1      | Reached skill level 6 in Stealth
   729 | D:1      | Reached XP level 3. HP: 24/24 MP: 3/3
  1376 | D:2      | Found a faded altar of an unknown god.
  1457 | D:2      | Found a glowing golden altar of the Shining One.
  1462 | D:2      | Found a basalt altar of Yredelemnul.
  1464 | D:2      | Noticed a profane servitor
  1614 | D:2      | Noticed Sigmund
  1619 | D:2      | Cast into level 1 of the Abyss (Sigmund)
  1713 | Abyss:1  | Noticed a wretched star
  1717 | Abyss:1  | Found a corrupted altar of Lugonu.
  1722 | Abyss:1  | Killed from afar by a wretched star

Skill      XL: |  1  2 |
---------------+-------+-----
Stealth        | 6 |  6.4
Fighting       | |  2.2
Short Blades   | |  2.6
Throwing       | |  2.0
Dodging        | |  1.5

Action                   || total
-------------------------++-------
Melee: Dagger            ||    69
       Constrict         ||    15
       Tentacles         ||    10
 Stab: Sleeping          ||    11
  Eat: Ration            ||     1
       Chunk             ||     1
Armor: Skin              ||     6
Dodge: Dodged            ||    36
